[ PARTIDA AOE2 · #507336268 ]
UnrankedCumanos vs Chinese
Equipo del jugador · DERR
Equipo rival · VICT
[ ANÁLISIS DE REPETICIÓN · EXTRAÍDO DE LA PARTIDA GRABADA ]
Feudal
9:20
Castillos
25:19
Imperial
—
| APM promedio | 40.0 |
| APM pico | 91 |
| eAPM promedio | 26.1 |
| Aldeanos / militares | 105 / 2 |
Foco
⚔️ 36.9% · 🌾 63.1%
Mangonel ×1 · Scorpion ×1
Feudal
9:02
Castillos
23:10
Imperial
—
| APM promedio | 43.3 |
| APM pico | 86 |
| eAPM promedio | 22.3 |
| Aldeanos / militares | 72 / 31 |
Foco
⚔️ 27.3% · 🌾 72.7%
Archer ×17 · Knight ×6 · Iron Pagoda ×3 · Scout Cavalry ×3 · Monk ×1 · Spearman ×1
Mapa de la partida
Recursos iniciales + cada clic de construcción. Líneas = muros · curvas = relieve. ◆ oro · ⬟ piedra · ● bayas · ✦ reliquia · ◌ hueco del cierre
Tu base· ✓ Cerrada en 25:19 · 73t muro · sin puerta
Base de JackK· ✓ Cerrada en 23:10 · 29t muro · sin puerta
Terreno inicial suavizado · ◌ = hueco del cierre detectado · pasá el cursor para detalles
Inputs por minuto
— CNZS_情场浪子 - - JackK
Build order — CNZS_情场浪子
Primeras 150 de 221 acciones detectadas
| 0:01 | Crear | Villager (Male) |
| 0:01 | Crear | Villager (Male) |
| 0:02 | Construir | House |
| 0:04 | Construir | House |
| 0:11 | Crear | Villager (Male) |
| 0:17 | Crear | Villager (Male) |
| 0:17 | Crear | Villager (Male) |
| 1:32 | Crear | Villager (Male) |
| 1:32 | Crear | Villager (Male) |
| 1:53 | Construir | Lumber Camp |
| 1:58 | Crear | Villager (Male) |
| 1:58 | Crear | Villager (Male) |
| 2:26 | Crear | Villager (Male) |
| 2:26 | Crear | Villager (Male) |
| 2:49 | Crear | Villager (Male) |
| 2:58 | Crear | Villager (Male) |
| 3:32 | Crear | Villager (Male) |
| 3:51 | Construir | House |
| 3:53 | Construir | Mill |
| 3:58 | Crear | Villager (Male) |
| 4:16 | Crear | Villager (Male) |
| 4:55 | Crear | Villager (Male) |
| 5:08 | Construir | Palisade Wall |
| 5:15 | Crear | Villager (Male) |
| 5:37 | Construir | Palisade Wall |
| 5:39 | Construir | Palisade Wall |
| 5:46 | Crear | Villager (Male) |
| 5:56 | Construir | Mill |
| 6:02 | Construir | Palisade Wall |
| 6:04 | Crear | Villager (Male) |
| 6:06 | Investigar | Loom |
| 6:06 | Investigar | Loom |
| 6:24 | Construir | Palisade Wall |
| 7:10 | Investigar | Feudal Age |
| 7:25 | Construir | House |
| 7:36 | Construir | Palisade Wall |
| 7:58 | Construir | Mining Camp |
| 8:12 | Construir | Palisade Wall |
| 8:20 | Crear | Villager (Male) |
| 8:29 | Construir | Palisade Wall |
| 9:03 | Construir | Palisade Wall |
| 9:05 | Construir | Palisade Wall |
| 9:20 | Edad | Edad Feudal |
| 9:28 | Construir | House |
| 9:30 | Crear | Villager (Male) |
| 9:47 | Construir | Town Center |
| 9:54 | Construir | Palisade Wall |
| 9:55 | Crear | Villager (Male) |
| 10:01 | Construir | Palisade Wall |
| 10:12 | Construir | Palisade Wall |
| 10:14 | Construir | Palisade Wall |
| 10:18 | Construir | Palisade Wall |
| 10:19 | Crear | Villager (Male) |
| 10:25 | Construir | Palisade Wall |
| 10:28 | Construir | Palisade Wall |
| 10:33 | Construir | House |
| 10:42 | Construir | Palisade Wall |
| 10:44 | Construir | Palisade Wall |
| 11:04 | Construir | Palisade Wall |
| 11:05 | Construir | Palisade Wall |
| 11:09 | Construir | Palisade Wall |
| 11:11 | Construir | Palisade Wall |
| 11:14 | Crear | Villager (Male) |
| 11:23 | Crear | Villager (Male) |
| 11:38 | Investigar | Double-Bit Axe |
| 11:39 | Investigar | Horse Collar |
| 11:46 | Construir | House |
| 11:51 | Crear | Villager (Male) |
| 12:04 | Construir | Farm |
| 12:07 | Construir | Farm |
| 12:18 | Crear | Villager (Male) |
| 12:27 | Crear | Villager (Male) |
| 12:31 | Construir | Farm |
| 12:44 | Crear | Villager (Male) |
| 12:46 | Construir | Farm |
| 12:48 | Crear | Villager (Male) |
| 12:49 | Crear | Villager (Male) |
| 12:59 | Construir | Watch Tower |
| 13:02 | Crear | Villager (Male) |
| 13:08 | Construir | Farm |
| 13:21 | Crear | Villager (Male) |
| 13:25 | Construir | Farm |
| 13:33 | Crear | Villager (Male) |
| 13:44 | Construir | Watch Tower |
| 13:53 | Construir | Farm |
| 13:54 | Construir | Farm |
| 13:56 | Crear | Villager (Male) |
| 13:56 | Crear | Villager (Male) |
| 14:07 | Construir | Palisade Wall |
| 14:12 | Construir | Farm |
| 14:21 | Crear | Villager (Male) |
| 14:30 | Crear | Villager (Male) |
| 14:34 | Construir | Farm |
| 14:36 | Construir | Farm |
| 14:47 | Crear | Villager (Male) |
| 14:48 | Crear | Villager (Male) |
| 14:57 | Construir | Farm |
| 14:59 | Crear | Villager (Male) |
| 15:00 | Crear | Villager (Male) |
| 15:03 | Construir | Farm |
| 15:19 | Crear | Villager (Male) |
| 15:19 | Crear | Villager (Male) |
| 15:21 | Construir | Farm |
| 15:30 | Construir | House |
| 15:34 | Crear | Villager (Male) |
| 15:35 | Construir | House |
| 15:39 | Construir | House |
| 15:46 | Crear | Villager (Male) |
| 15:47 | Crear | Villager (Male) |
| 15:49 | Construir | Farm |
| 16:06 | Crear | Villager (Male) |
| 16:19 | Construir | House |
| 16:20 | Crear | Villager (Male) |
| 16:27 | Crear | Villager (Male) |
| 16:43 | Construir | House |
| 16:45 | Construir | House |
| 16:48 | Construir | House |
| 16:50 | Crear | Villager (Male) |
| 16:55 | Crear | Villager (Male) |
| 17:07 | Construir | Watch Tower |
| 17:16 | Crear | Villager (Male) |
| 17:23 | Crear | Villager (Male) |
| 17:29 | Crear | Villager (Male) |
| 17:33 | Crear | Villager (Male) |
| 17:59 | Crear | Villager (Male) |
| 18:06 | Construir | Watch Tower |
| 18:09 | Crear | Villager (Male) |
| 18:18 | Crear | Villager (Male) |
| 18:30 | Crear | Villager (Male) |
| 18:37 | Construir | House |
| 18:40 | Construir | Palisade Wall |
| 18:46 | Crear | Villager (Male) |
| 18:49 | Crear | Villager (Male) |
| 18:54 | Construir | Lumber Camp |
| 18:57 | Construir | Watch Tower |
| 19:04 | Crear | Villager (Male) |
| 19:42 | Crear | Villager (Male) |
| 19:55 | Crear | Villager (Male) |
| 19:56 | Construir | Farm |
| 20:00 | Construir | Farm |
| 20:01 | Crear | Villager (Male) |
| 20:12 | Crear | Villager (Male) |
| 20:26 | Construir | Watch Tower |
| 20:38 | Crear | Villager (Male) |
| 20:42 | Crear | Villager (Male) |
| 20:51 | Construir | Blacksmith |
| 21:06 | Construir | Watch Tower |
| 21:12 | Crear | Villager (Male) |
| 21:25 | Crear | Villager (Male) |
| 21:48 | Construir | Market |
Build order — JackK
Primeras 150 de 188 acciones detectadas
| 0:03 | Construir | House |
| 0:06 | Investigar | Loom |
| 0:53 | Crear | Villager (Male) |
| 1:19 | Crear | Villager (Male) |
| 1:50 | Construir | Lumber Camp |
| 1:52 | Crear | Villager (Male) |
| 2:09 | Crear | Villager (Male) |
| 2:37 | Crear | Villager (Male) |
| 3:03 | Crear | Villager (Male) |
| 3:25 | Crear | Villager (Male) |
| 3:51 | Crear | Villager (Male) |
| 4:17 | Crear | Villager (Male) |
| 4:18 | Construir | Mill |
| 4:42 | Crear | Villager (Male) |
| 5:05 | Crear | Villager (Male) |
| 5:24 | Crear | Villager (Male) |
| 5:54 | Construir | House |
| 6:00 | Crear | Villager (Male) |
| 6:20 | Crear | Villager (Male) |
| 6:23 | Construir | House |
| 6:51 | Investigar | Feudal Age |
| 7:18 | Construir | Lumber Camp |
| 8:32 | Construir | Barracks |
| 8:48 | Crear | Villager (Male) |
| 9:02 | Edad | Edad Feudal |
| 9:03 | Crear | Villager (Male) |
| 9:23 | Construir | Stable |
| 9:25 | Investigar | Double-Bit Axe |
| 9:26 | Crear | Villager (Male) |
| 9:33 | Crear | Spearman |
| 9:38 | Crear | Villager (Male) |
| 10:05 | Crear | Scout Cavalry |
| 10:06 | Crear | Scout Cavalry |
| 10:06 | Crear | Villager (Male) |
| 10:21 | Construir | Archery Range |
| 10:37 | Construir | Mining Camp |
| 10:49 | Construir | House |
| 11:08 | Crear | Villager (Male) |
| 11:21 | Construir | House |
| 11:24 | Construir | Farm |
| 11:24 | Construir | Farm |
| 11:25 | Crear | Archer |
| 11:26 | Crear | Villager (Male) |
| 11:41 | Crear | Villager (Male) |
| 11:44 | Construir | Farm |
| 11:59 | Crear | Villager (Male) |
| 12:01 | Crear | Archer |
| 12:13 | Construir | Mining Camp |
| 12:34 | Crear | Scout Cavalry |
| 12:37 | Crear | Archer |
| 12:44 | Crear | Villager (Male) |
| 12:49 | Construir | Farm |
| 13:08 | Crear | Villager (Male) |
| 13:26 | Construir | Watch Tower |
| 13:30 | Crear | Villager (Male) |
| 13:36 | Construir | House |
| 13:47 | Crear | Archer |
| 13:48 | Crear | Archer |
| 13:53 | Crear | Villager (Male) |
| 14:01 | Construir | House |
| 14:19 | Crear | Archer |
| 14:20 | Crear | Villager (Male) |
| 14:33 | Construir | Farm |
| 14:35 | Construir | House |
| 14:53 | Crear | Villager (Male) |
| 14:55 | Construir | Farm |
| 14:56 | Construir | Farm |
| 15:01 | Crear | Archer |
| 15:22 | Crear | Villager (Male) |
| 15:28 | Construir | Outpost |
| 15:40 | Crear | Villager (Male) |
| 15:45 | Construir | Blacksmith |
| 15:51 | Crear | Villager (Male) |
| 15:52 | Crear | Archer ×3 |
| 16:24 | Crear | Villager (Male) |
| 16:26 | Construir | Farm |
| 16:27 | Construir | Farm |
| 16:28 | Investigar | Fletching |
| 16:30 | Crear | Villager (Male) |
| 16:42 | Construir | Farm |
| 16:42 | Crear | Archer |
| 16:53 | Construir | Palisade Wall |
| 17:03 | Crear | Villager (Male) |
| 17:27 | Construir | Palisade Wall |
| 17:28 | Construir | Farm |
| 17:29 | Construir | Farm |
| 17:30 | Crear | Villager (Male) |
| 17:31 | Construir | Farm |
| 17:33 | Crear | Archer |
| 17:46 | Construir | Farm |
| 18:14 | Construir | Farm |
| 18:17 | Investigar | Wheelbarrow |
| 18:48 | Construir | Watch Tower |
| 18:50 | Crear | Villager (Male) |
| 18:52 | Construir | House |
| 18:54 | Construir | Farm |
| 19:00 | Crear | Archer |
| 19:12 | Construir | House |
| 19:18 | Construir | House |
| 19:18 | Construir | House |
| 19:19 | Construir | House |
| 19:20 | Construir | House |
| 19:41 | Construir | Watch Tower |
| 19:51 | Crear | Villager (Male) |
| 20:10 | Construir | House |
| 20:24 | Investigar | Castle Age |
| 20:41 | Crear | Archer |
| 21:06 | Investigar | Padded Archer Armor |
| 21:06 | Crear | Villager (Male) |
| 21:07 | Crear | Archer |
| 21:56 | Crear | Villager (Male) |
| 21:56 | Crear | Villager (Male) |
| 21:59 | Construir | House |
| 22:07 | Crear | Archer |
| 22:08 | Crear | Archer |
| 22:59 | Construir | Watch Tower |
| 23:10 | Edad | Edad de los Castillos |
| 23:13 | Investigar | Bodkin Arrow |
| 23:13 | Investigar | Bow Saw |
| 23:14 | Investigar | Crossbowman (upgrade) |
| 23:24 | Crear | Villager (Male) |
| 23:36 | Construir | Town Center |
| 23:40 | Construir | Town Center |
| 23:58 | Investigar | Leather Archer Armor |
| 24:11 | Crear | Villager (Male) |
| 24:47 | Crear | Villager (Male) |
| 24:47 | Crear | Villager (Male) |
| 24:59 | Crear | Villager (Male) |
| 25:08 | Crear | Villager (Male) |
| 25:08 | Crear | Villager (Male) |
| 25:40 | Construir | Watch Tower |
| 25:47 | Crear | Villager (Male) |
| 25:47 | Crear | Villager (Male) |
| 25:48 | Crear | Villager (Male) |
| 25:49 | Crear | Villager (Male) |
| 26:06 | Construir | Watch Tower |
| 26:11 | Crear | Villager (Male) |
| 26:13 | Crear | Villager (Male) |
| 26:13 | Crear | Villager (Male) |
| 26:24 | Construir | Siege Workshop |
| 26:28 | Crear | Villager (Male) |
| 26:29 | Crear | Villager (Male) |
| 26:45 | Crear | Villager (Male) |
| 26:45 | Crear | Villager (Male) |
| 26:46 | Crear | Villager (Male) |
| 26:57 | Crear | Knight |
| 26:58 | Crear | Knight |
| 27:03 | Construir | Monastery |
| 27:04 | Investigar | Scale Barding Armor |
| 27:05 | Crear | Villager (Male) |
Cronología de la partida
| 5:08 | CNZS_情场浪子 · wall_segment Palisade Wall x8 |
| 5:37 | CNZS_情场浪子 · wall_segment Palisade Wall x7 |
| 5:39 | CNZS_情场浪子 · wall_segment Palisade Wall x1 |
| 6:02 | CNZS_情场浪子 · wall_segment Palisade Wall x4 |
| 6:24 | CNZS_情场浪子 · wall_segment Palisade Wall x5 |
| 7:36 | CNZS_情场浪子 · wall_segment Palisade Wall x3 |
| 8:12 | CNZS_情场浪子 · wall_segment Palisade Wall x1 |
| 8:29 | CNZS_情场浪子 · wall_segment Palisade Wall x6 |
| 8:32 | JackK · first_building Barracks |
| 9:02 | JackK · age_up feudal |
| 9:03 | CNZS_情场浪子 · wall_segment Palisade Wall x1 |
| 9:05 | CNZS_情场浪子 · wall_segment Palisade Wall x1 |
| 9:20 | CNZS_情场浪子 · age_up feudal |
| 9:23 | JackK · first_building Stable |
| 9:54 | CNZS_情场浪子 · wall_segment Palisade Wall x1 |
| 10:01 | CNZS_情场浪子 · wall_segment Palisade Wall x4 |
| 10:12 | CNZS_情场浪子 · wall_segment Palisade Wall x1 |
| 10:14 | CNZS_情场浪子 · wall_segment Palisade Wall x1 |
| 10:18 | CNZS_情场浪子 · wall_segment Palisade Wall x1 |
| 10:21 | JackK · first_building Archery Range |
| 10:25 | CNZS_情场浪子 · wall_segment Palisade Wall x5 |
| 10:28 | CNZS_情场浪子 · wall_segment Palisade Wall x1 |
| 10:42 | CNZS_情场浪子 · wall_segment Palisade Wall x1 |
| 10:44 | CNZS_情场浪子 · wall_segment Palisade Wall x9 |
| 11:04 | CNZS_情场浪子 · wall_segment Palisade Wall x1 |
| 11:05 | CNZS_情场浪子 · wall_segment Palisade Wall x1 |
| 11:09 | CNZS_情场浪子 · wall_segment Palisade Wall x1 |
| 11:11 | CNZS_情场浪子 · wall_segment Palisade Wall x2 |
| 14:07 | CNZS_情场浪子 · wall_segment Palisade Wall x8 |
| 16:53 | JackK · wall_segment Palisade Wall x18 |
| 17:27 | JackK · wall_segment Palisade Wall x11 |
| 18:40 | CNZS_情场浪子 · wall_segment Palisade Wall x1 |
| 22:53 | CNZS_情场浪子 · first_building Siege Workshop |
| 23:10 | JackK · age_up castle |
| 23:31 | CNZS_情场浪子 · wall_segment Palisade Wall x1 |
| 25:19 | CNZS_情场浪子 · age_up castle |
| 25:22 | CNZS_情场浪子 · first_building Castle |
| 26:24 | JackK · first_building Siege Workshop |
| 26:57 | CNZS_情场浪子 · first_market_buy 100 wood |
| 27:03 | JackK · first_building Monastery |
| 28:48 | CNZS_情场浪子 · first_building Barracks |
| 29:59 | CNZS_情场浪子 · first_building Stable |
| 30:34 | CNZS_情场浪子 · resign |
[ ANÁLISIS IA · 1 CRÉDITO ]
¿Qué pasó realmente en esta partida?
Wolo.gg analiza cada decisión: build order, eco, micro, errores típicos por bracket. Análisis personalizado por WhatsApp o Discord en 30 segundos.
Guía civ
Cumanos
Perfil
Jugador #10044347